 Dungeon Crawl Stone Soup version 0.26-a0-652-gafc20e3620 (webtiles) character file.

Game seed: 16909341611102457157

11599 Zenkrye the Basher (level 11, -1/98 HPs)
             Began as a Palentonga Berserker on Oct 2, 2020.
             Was a High Priest of Trog.
             Slain by a catoblepas (9 damage)
             ... in a Gauntlet.
             The game lasted 00:28:52 (11732 turns).

Zenkrye the Basher (Palentonga Berserker)          Turns: 11732, Time: 00:28:52

Health: -1/98      AC: 16    Str: 22    XL:     11   Next: 51%
Magic:  11/11      EV:  3    Int:  9    God:    Trog [*****.]
Gold:   670        SH:  0    Dex: 14    Spells: 10/10 levels left

rFire    . . .     SeeInvis +   b - +8 flail of Theory {vorpal, MR+}
rCold    + + .     Faith    .   x - +0 buckler (curse)
rNeg     . . .     Spirit   .   p - +2 chain mail {rC+}
rPois    +         Reflect  +   K - +2 helmet
rElec    .         Harm     .   n - +0 cloak
rCorr    +         Rampage  .   z - +0 pair of gloves
MR       +++..     NoTele   +   (no barding)
Stlth    ..........             f - amulet of reflection
HPRegen  1.26/turn              c - ring of protection from cold
MPRegen  0.12/turn              I - ring "Bioditea" {rPois rCorr Str+2 Dex+2, =R}

@: petrifying (expiring), berserk cooldown, regenerating, hasted and slowed,
very slow
A: large, rugged brown scales 3, see invisible, deformed body, roll, armoured
tail
a: Rolling Charge, Berserk, Trog's Hand, Brothers in Arms, Renounce Religion


You were in a Gauntlet.
You worshipped Trog.
Trog was extremely pleased with you.
You visited 2 branches of the dungeon, and saw 12 of its levels.
You also visited: Gauntlet.

You collected 670 gold pieces.

Inventory:

Hand Weapons
 b - the +8 flail of Theory (weapon) {vorpal, MR+}
   (You found it on level 5 of the Dungeon)

   It inflicts extra damage upon your enemies.
   It affects your resistance to hostile enchantments.
 G - a +2 morningstar of holy wrath
Missiles
 q - 50 poisoned darts (quivered)
 E - 8 silver javelins
Armour
 n - a +0 cloak (worn)
 p - a +2 chain mail of cold resistance (worn)
 r - a +0 kite shield
 x - a cursed +0 buckler (worn)
 z - a +0 pair of gloves (worn)
 K - a +2 helmet (worn)
 L - a +0 plate armour
Jewellery
 c - a ring of protection from cold (left hand)
 f - an amulet of reflection (around neck)
 l - an uncursed amulet of regeneration {unknown}
 B - an uncursed amulet of magic regeneration {unknown}
 D - an uncursed amulet of guardian spirit {unknown}
 I - the ring "Bioditea" (right hand) {rPois rCorr Str+2 Dex+2, =R}
   (You took it off an orc warrior on level 7 of the Dungeon)

   [ring of resist corrosion]

   It affects your strength (+2).
   It affects your dexterity (+2).
   It protects you from poison.
   It provides partial protection from all sources of acid and corrosion.
Wands
 a - a wand of disintegration (22)
 m - a wand of digging (5) {@v1}
 o - a wand of polymorph (4)
 u - a wand of flame (16)
 J - a wand of paralysis (3)
Scrolls
 d - 8 scrolls of remove curse {@r2}
 e - 2 scrolls of enchant armour
 i - a scroll of brand weapon {unknown}
 y - a scroll of fog
 A - a scroll of summoning {unknown}
 C - 3 scrolls of teleportation {@r3}
 N - a scroll of torment {unknown}
Potions
 g - 8 potions of curing {@q1}
 h - 5 potions of heal wounds {@q2}
 j - 2 potions of flight
 k - 2 potions of mutation
 s - a potion of ambrosia {unknown}
 t - a potion of cancellation {unknown}
 w - 5 potions of stabbing
 F - 2 potions of resistance {unknown}
 H - 2 potions of haste {@q3}
Miscellaneous
 M - a condenser vane (2/2)


   Skills:
 + Level 7.5 Fighting
 - Level 14.0 Maces & Flails
 + Level 5.9 Armour
 - Level 1.5 Dodging
 + Level 5.5 Shields


You had 10 spell levels left.
You didn't know any spells.
Your spell library was empty.

Dungeon Overview and Level Annotations

Branches:
Dungeon (10/15)            Temple (0/1) D:6            Lair (2/6) D:9
    Orc (0/2) D:10        Gauntlet (1/1)
  Swamp: Lair:2-4    Shoals: Lair:2-4     Snake: Lair:2-4    Spider: Lair:2-4

Altars:
Cheibriados
Gozag
Hepliaklqana
Okawaru
Qazlal
Trog
Wu Jian
Xom
Yredelemnul
The Shining One
Beogh

Shops:
D:10 [

Annotations:
Gauntlet 11 transporters


Innate Abilities, Weirdness & Mutations

You are completely covered in rugged brown scales. (AC +3, +7% HP)
You have supernaturally acute eyesight. (SInv)
Armour fits poorly on your strangely shaped body.
You can roll at foes to attack.
You have a long armoured tail.


Message History

The plant is engulfed in calcifying dust.
A nearby plant withers and dies.
The gargoyle hurls a stone arrow at you.
The stone arrow hits you!!
* * * LOW HITPOINT WARNING * * *
The catoblepas breathes a plume of calcifying dust at you.
The blast of calcifying dust hits you but does no damage.
The gargoyle hits you with a +0 mace!
* * * LOW HITPOINT WARNING * * *
Okay, then.
Unknown command.
Okay, then.
You feel yourself speed up.
You are engulfed in calcifying dust.
Your limbs have turned to stone.
The catoblepas gores you.
* * * LOW HITPOINT WARNING * * *
The gargoyle hits you with a +0 mace.
* * * LOW HITPOINT WARNING * * *
The catoblepas gores you!
You die...

#8# #8# #8# 8#
#####################
....≈∩≈............≈##
............©.......#
####...###########..#
.9Y#...#..#.##..##..#
.#9#.∩.#.#..#.##§#..###
#..#...##.#..##9§#..#8#
.#.#...#....#..P@#..#
#..#...######©##Y#..#
.#.#...#...###§99#..#
#..#...##.####..##..#8#
.#.#...#..#..#[###..###
.9Y#...#.../©=#.##..#
####...###########..#
.....≈....#.©.#.....#8
....≈8§...#...#.8...##


You could see a catoblepas, a molten gargoyle and 2 gargoyles.

Vanquished Creatures
  A hydra (Lair:1)
  An oklob plant (Lair:1)
  A centaur skeleton (D:10)
  2 gargoyles (D:10)
  2 komodo dragons
  A cane toad (Lair:1)
  2 trolls
  6 hippogriffs
  A wraith (D:10)
  9 yaks
  2 vampire mosquitoes (D:10)
  A steam dragon (D:10)
  3 water moccasins
  3 porcupines
  3 black bears
  4 ice beasts
  2 sky beasts
  5 orc warriors
  4 ogres
  An eye of draining (D:8)
  A phantom (D:5)
  4 centaurs
  A crocodile (Lair:2)
  2 big kobolds
  Blork the orc (D:9)
  3 bullfrogs
  3 gnoll sergeants
  3 scorpions
  A water moccasin skeleton (D:9)
  A wight (D:9)
  6 killer bees (D:9)
  5 howler monkeys
  2 electric eels (D:8)
  7 hounds
  3 quasits
  2 bullfrog zombies
  4 orc wizards
  Crazy Yiuf (D:5)
  5 orc priests
  A jelly (D:9)
  2 iguanas
  8 worker ants
  2 hound skeletons
  2 worker ant zombies
  5 gnolls (D:7)
  10 adders
  2 howler monkey skeletons
  A river rat (D:4)
  2 shadow imps (D:5)
  5 white imps
  2 ufetubi (D:8)
  An ooze (D:3)
  3 adder skeletons
  A worm (D:2)
  A dart slug (D:4)
  2 leopard geckos (D:9)
  53 orcs
  2 giant cockroaches
  4 hobgoblins
  12 jackals
  5 quokkas
  2 ball pythons (D:4)
  4 bats
  3 frilled lizards
  3 goblins
  12 kobolds
  A leopard gecko zombie (D:7)
  2 quokka skeletons (D:4)
  9 rats
271 creatures vanquished.

Vanquished Creatures (others)
  4 fungi
  24 plants
28 creatures vanquished.

Grand Total: 299 creatures vanquished

Notes
Turn   | Place    | Note
-------+----------+-------------------------------------------
     0 | D:1      | Zenkrye the Palentonga Berserker began the quest for the
                  | Orb.
     0 | D:1      | Reached XP level 1. HP: 20/20 MP: 1/1
   333 | D:1      | Reached XP level 2. HP: 27/27 MP: 2/2
   977 | D:2      | Found an opulent altar of Gozag.
   990 | D:2      | Reached skill level 4 in Maces & Flails
  1344 | D:2      | Reached XP level 3. HP: 23/33 MP: 3/3
  1980 | D:3      | Found a bloodstained altar of Trog.
  1986 | D:3      | Reached XP level 4. HP: 36/40 MP: 4/4
  1988 | D:3      | Reached ** piety under Trog
  1996 | D:3      | Reached skill level 5 in Maces & Flails
  2045 | D:3      | Found a basalt altar of Yredelemnul.
  2169 | D:3      | Reached XP level 5. HP: 48/48 MP: 5/5
  2199 | D:3      | Reached skill level 6 in Maces & Flails
  3087 | D:4      | Reached XP level 6. HP: 36/54 MP: 6/6
  3397 | D:4      | Reached skill level 7 in Maces & Flails
  3644 | D:4      | Reached *** piety under Trog
  3831 | D:5      | Entered Level 5 of the Dungeon
  3950 | D:5      | Reached skill level 8 in Maces & Flails
  3950 | D:5      | Reached XP level 7. HP: 38/60 MP: 7/7
  4298 | D:5      | Got an ichor-stained flail
  4299 | D:5      | Identified the +8 flail of Theory {vorpal, MR+} (You found
                  | it on level 5 of the Dungeon)
  4575 | D:5      | Reached skill level 9 in Maces & Flails
  4801 | D:5      | Found a snail-covered altar of Cheibriados.
  4801 | D:5      | Found a glowing golden altar of the Shining One.
  4806 | D:5      | Found a shimmering altar of Xom.
  4808 | D:5      | Found an iron altar of Okawaru.
  4810 | D:5      | Found a stormy altar of Qazlal.
  5202 | D:5      | Found a runed translucent door.
  5203 | D:5      | Noticed Crazy Yiuf
  5413 | D:5      | Killed Crazy Yiuf
  5477 | D:6      | Found a staircase to the Ecumenical Temple.
  5694 | D:6      | Reached XP level 8. HP: 56/67 MP: 8/8
  5698 | D:6      | Reached skill level 10 in Maces & Flails
  6099 | D:6      | Found a hazy altar of Hepliaklqana.
  6506 | D:7      | Noticed a hippogriff
  6511 | D:7      | Killed a hippogriff
  6511 | D:7      | Reached skill level 11 in Maces & Flails
  6611 | D:7      | Noticed a cyclops
  6877 | D:7      | Identified the ring "Bioditea" {rPois rCorr Str+2 Dex+2}
  6878 | D:7      | Paralysed by an orc warrior for 4 turns
  6890 | D:7      | Reached XP level 9. HP: 73/73 MP: 9/9
  6899 | D:7      | Reached skill level 12 in Maces & Flails
  7021 | D:8      | Reached **** piety under Trog
  7618 | D:8      | Noticed a troll
  7627 | D:8      | Killed a troll
  7627 | D:8      | Reached skill level 1 in Shields
  8048 | D:9      | Reached skill level 13 in Maces & Flails
  8092 | D:9      | Reached XP level 10. HP: 40/85 MP: 10/10
  8340 | D:9      | Found a staircase to the Lair.
  8399 | D:9      | Noticed Blork the orc
  8414 | D:9      | Killed Blork the orc
  8414 | D:9      | Reached skill level 5 in Fighting
  8749 | D:9      | Reached ***** piety under Trog
  8773 | D:9      | Found an ornate altar of the Wu Jian Council.
  9023 | D:10     | Entered Level 10 of the Dungeon
  9104 | D:10     | Noticed a gargoyle
  9116 | D:10     | Killed a gargoyle
  9215 | D:10     | Noticed a gargoyle
  9223 | D:10     | Killed a gargoyle
  9433 | D:10     | Found a roughly hewn altar of Beogh.
  9433 | D:10     | Found a staircase to the Orcish Mines.
 10050 | D:10     | Found Qienanirch's Armour Emporium.
 10132 | D:10     | Reached XP level 11. HP: 97/97 MP: 11/11
 10311 | Lair:1   | Entered Level 1 of the Lair of Beasts
 10334 | Lair:1   | Noticed an oklob plant
 10347 | Lair:1   | Killed an oklob plant
 10347 | Lair:1   | Reached skill level 5 in Armour
 10570 | Lair:1   | Noticed a seven-headed hydra
 10588 | Lair:1   | Killed a seven-headed hydra
 10588 | Lair:1   | Reached skill level 5 in Shields
 11014 | Lair:1   | Reached skill level 14 in Maces & Flails
 11527 | Lair:2   | Found a gate leading to a gauntlet.
 11542 | Gauntlet | Entered a Gauntlet
 11542 | Gauntlet | Found a transporter.
 11542 | Gauntlet | Found a transporter.
 11542 | Gauntlet | Noticed a catoblepas
 11542 | Gauntlet | Noticed a catoblepas
 11543 | Gauntlet | Found a transporter.
 11546 | Gauntlet | Found a transporter.
 11546 | Gauntlet | Found a transporter.
 11559 | Gauntlet | Noticed a queen ant
 11565 | Gauntlet | Found a transporter.
 11571 | Gauntlet | Found a transporter.
 11574 | Gauntlet | Noticed a death scarab
 11585 | Gauntlet | Found a transporter.
 11598 | Gauntlet | Found a transporter.
 11604 | Gauntlet | Found a transporter.
 11638 | Gauntlet | Found a transporter.
 11663 | Gauntlet | Found a transporter.
 11729 | Gauntlet | HP: 2/98 [gargoyle/stone arrow (14)]
 11732 | Gauntlet | Slain by a catoblepas

Illustrated notes

Levels and vault maps discovered:
D:1:      minmay_arrival_four_houses, layout_loops_ring, moated_statue
D:2:      layout_basic, lemuel_doored_altar, kennysheep_nondescript,
          minivault_26, minmay_tiny_reverse_x
D:3:      layout_basic, old_standard_altar, marbit_many_paths, dk_vineyard_3
D:4:      layout_rooms, gup_sewer_entry_bowl
D:5:      layout_layer_cave, chequers_temple_overflow_minitemple,
          uniq_crazy_yiuf_cottage
D:6:      layout_basic, kennysheep_little_box, minmay_temple_entry_antechambers
D:7:      minmay_the_grid_four_pointed_star
          [minmay_the_grid_triangle_9x9_thin_v,
          minmay_the_grid_triangle_9x9_steps,
          minmay_the_grid_triangle_9x9_odd_lines,
          minmay_the_grid_triangle_9x9_wacky_v,
          minmay_the_grid_prize_trominoes], layout_basic, lemuel_crystal_altar,
          vehumet_crystals, basic_altar
D:8:      layout_basic
D:9:      layout_long_grid, kennysheep_mini_moat, lair_entry_dummy,
          sword_in_stone
D:10:     layout_basic, david_orc_5, serial_shops, shop
Lair:1:   layout_misc_corridors, serial_bayou_shore_a, lemuel_fruit_fields
Lair:2:   layout_chaotic_city, gauntlet_entry_generic, minmay_holes,
          grunt_megastairs_2, infiniplex_staircase_pool, uniq_fannar,
          uniq_gastronok
Gauntlet: gammafunk_gauntlet_shortcut [gammafunk_gauntlet_arena_mazey,
          nicolae_gauntlet_swirl, gammafunk_gauntlet_arena_grid,
          nicolae_gauntlet_arena_blocks, gammafunk_gauntlet_arena_crates,
          gammafunk_gauntlet_arena_arrow_garden, gauntlet_exit_hidden_loot]

Skill      XL: |  1  2  3  4  5  6  7  8  9 10 11 |
---------------+----------------------------------+-----
Maces & Flails | 4 5 6 8 9 11 13 14 | 14.0
Armour         | 3 4 5 |  5.9
Shields        | 2 4 5 |  5.5
Fighting       | 4 6 7 |  7.5
Dodging        | |  1.5

Action                   |  1- 3 |  4- 6 |  7- 9 | 10-12 || total
-------------------------+-------+-------+-------+-------++-------
Melee: Mace              |    90 |   214 |    37 |       ||   341
       Tailslap          |     9 |    24 |    33 |    41 ||   107
       Flail             |       |       |   224 |   311 ||   535
Throw: Dart              |       |       |     5 |     4 ||     9
Invok: Trog's Hand       |       |     2 |     4 |     6 ||    12
       Berserk           |       |     2 |     2 |     5 ||     9
 Abil: Rolling Charge    |       |     2 |     1 |     2 ||     5
Evoke: Wand              |       |       |     4 |     1 ||     5
  Use: Scroll            |       |     9 |     6 |     2 ||    17
       Potion            |       |       |     1 |     2 ||     3
 Stab: Sleeping          |     1 |       |       |       ||     1
       Invisible         |       |       |     6 |       ||     6
Armor: Animal skin       |    27 |       |       |       ||    27
       Leather armour    |     2 |       |       |       ||     2
       Chain mail        |     1 |   150 |   138 |   129 ||   418
Dodge: Dodged            |    41 |    61 |    87 |    61 ||   250
Block: Other             |    21 |    50 |    41 |       ||   112
       Reflection        |       |       |     6 |     2 ||     8
       Buckler           |       |       |    59 |   114 ||   173

Table legend: (Time is in decaauts)
 A = Elapsed time spent in this place.
 B = Non-inter-level travel time spent in this place.
 C = Inter-level travel time spent in this place.
 D = Time resting spent in this place.
 E = Time spent auto-exploring this place.
 F = Levels seen in this place.
 G = Mean time per level.
                   A        B        C        D        E       F      G
               +--------+--------+--------+--------+--------+-----+--------+
         Total |  11721 |  11401 |    320 |    624 |   8884 |  13 |  901.6 |
       Dungeon |  10310 |  10024 |    286 |    609 |   7863 |  10 | 1031.0 |
          Lair |   1224 |   1191 |     33 |     15 |   1020 |   2 |  612.0 |
      Gauntlet |    187 |    187 |      0 |      0 |      0 |   1 |  187.0 |
               +--------+--------+--------+--------+--------+-----+--------+

Top non-repeatable levels by time:
     D:5: 1630 daAuts
    D:10: 1237 daAuts
     D:3: 1193 daAuts
     D:2: 1168 daAuts
     D:9: 1034 daAuts
     D:6: 1023 daAuts
  Lair:1: 1009 daAuts
     D:8: 996 daAuts
     D:4: 851 daAuts
     D:1: 667 daAuts
     D:7: 507 daAuts
  Lair:2: 215 daAuts
Gauntlet: 187 daAuts
